 Dungeon Crawl Stone Soup version 0.30.0-20-g3b4254fcbd (webtiles) character file.

Game seed: 11356821187056696233

1426 thekillerGOD1 the Chopper (level 8, -9/67 HPs)
             Began as a Gnoll Cinder Acolyte on June 2, 2023.
             Mangled by a gnoll
             ... wielding a +0 halberd
             ... led by a gnoll sergeant
              (11 damage)
             ... on level 6 of the Dungeon.
             The game lasted 00:32:04 (6017 turns).

thekillerGOD1 the Chopper (Gnoll Cinder Acolyte)    Turns: 6017, Time: 00:32:05

Health: -9/67      AC: 13    Str: 14    XL:     8   Next: 72%
Magic:  15/15      EV:  4    Int: 13    God:
Gold:   309        SH:  0    Dex: 10    Spells: 14/16 levels left

rFire   . . .        e - +4 dagger (venom)
rCold   x . .        (no shield)
rNeg    . . .        x - +0 plate armour
rPois   .            (no helmet)
rElec   .            (no cloak)
rCorr   .            (no gloves)
SInv    .            (no boots)
Will    +....        (no amulet) Stlth
                     k - ring of willpower
HPRegen 0.00/turn    c - ring of fire
MPRegen 0.14/turn

%: random rage (3%)
@: inhibited regen, fire susceptible
A: fangs 1, strong nose, distributed training, iridescent scales 1, berserk 1,
inhibited regeneration
a: no special abilities


You were on level 6 of the Dungeon.
You visited 1 branch of the dungeon, and saw 6 of its levels.

You collected 309 gold pieces.

Inventory:

Hand Weapons
 a - a -1 hand axe of flaming
 e - a +4 dagger of venom (weapon)
 j - a +3 dagger of venom
 t - a +2 short sword of chaos
Armour
 b - a +1 robe
 h - a +0 leather armour
 x - a +0 plate armour (worn)
Jewellery
 c - a ring of fire (right hand)
 k - a ring of willpower (left hand)
Wands
 f - a wand of digging (5)
 n - a wand of charming (2)
Scrolls
 d - a scroll of noise
 l - 2 scrolls of vulnerability
 m - a scroll of immolation {unknown}
 u - a scroll of butterflies {unknown}
 v - 2 scrolls of teleportation
 y - a scroll of enchant weapon
Potions
 g - 4 potions of brilliance
 i - a potion of cancellation {unknown}
 o - 2 potions of ambrosia
 p - a potion of attraction {unknown}
 q - 2 potions of haste {unknown}
 r - a potion of curing {unknown}
 s - 2 potions of might {unknown}
 w - a potion of heal wounds
 z - a potion of flight {unknown}


   Skills:
 + Level 7.6 Fighting
 + Level 3.6 Short Blades
 + Level 3.6 Long Blades
 + Level 7.6 Axes
 + Level 3.6 Maces & Flails
 + Level 3.6 Polearms
 + Level 3.6 Staves
 + Level 3.6 Ranged Weapons
 + Level 3.6 Throwing
 + Level 3.6 Armour
 + Level 3.6 Dodging
 + Level 3.6 Stealth
 + Level 3.6 Shields
 + Level 3.6 Unarmed Combat
 + Level 4.7 Spellcasting
 + Level 3.0 Conjurations
 + Level 3.0 Hexes
 + Level 3.0 Summonings
 + Level 3.0 Necromancy
 + Level 3.0 Translocations
 + Level 3.0 Transmutations
 + Level 6.3 Fire Magic
 + Level 3.0 Ice Magic
 + Level 3.0 Air Magic
 + Level 3.0 Earth Magic
 + Level 3.0 Poison Magic
 + Level 4.0 Invocations
 + Level 3.6 Evocations


You had 14 spell levels left.
You knew the following spells:

 Your Spells              Type           Power      Damage    Failure   Level
a - Scorch                Fire           58%        2d7       91%         2

Your spell library contained the following spells:

 Spells                   Type           Power      Damage    Failure   Level
 Apportation              Tloc           20%        N/A       99%         1
 Necrotise                Necr           40%        1d6       99%         1
 Summon Small Mammal      Summ           40%        N/A       99%         1
 Ensorcelled Hibernation  Hex/Ice        20%        N/A       100%        2
 Passwall                 Tmut/Erth      8%         N/A       100%        2
 Spider Form              Tmut/Pois      10%        N/A       100%        3
 Swiftness                Air            10%        N/A       100%        3
 Anguish                  Hex/Necr       5%         N/A       100%        4
 Fireball                 Conj/Fire      11%        3d7       100%        5
 Iskenderun's Battlesphe  Conj           10%        2d6       100%        5
 Conjure Ball Lightning   Conj/Air       5%         3x3d6     100%        6
 Orb of Destruction       Conj           5%         9d5       100%        7


Dungeon Overview and Level Annotations

Branches:
Dungeon (6/15)
 Temple: D:4-7

Altars:
Nemelex Xobeh
Qazlal

Shops:
D:1 [


Innate Abilities, Weirdness & Mutations

You have very sharp teeth.
Your uncanny sense of smell can sniff out nearby items.
Your experience applies equally to all skills.
You are partially covered in iridescent scales. (AC +2)
You sometimes lose your temper in combat.
You do not regenerate when monsters are visible.


Message History

The gnoll hits you but does no damage. The gnoll hits you with a +0 club.
The gnoll sergeant barely misses you.
You hit the gnoll.
The gnoll is poisoned.
The gnoll is moderately wounded.
The gnoll barely misses you. The gnoll hits you with a +0 halberd.
The gnoll hits you but does no damage. x2
The gnoll sergeant hits you from afar with a +0 trident!
You hit the gnoll.
The gnoll is poisoned.
The gnoll is lightly wounded.
The gnoll hits you with a +0 club. x2; The gnoll barely misses you.
The gnoll sergeant barely misses you. The gnoll hits you with a +0 halberd!
You closely miss the gnoll.
The gnoll is lightly wounded.
You hit the gnoll.
The gnoll looks as sick as possible!
The gnoll is heavily wounded.
The gnoll hits you but does no damage. The gnoll hits you with a +0 halberd.
The gnoll hits you but does no damage. x2
The gnoll sergeant hits you but does no damage.
You barely miss the gnoll. You bite the gnoll.
You kill the gnoll!
The gnoll hits you but does no damage. The gnoll hits you with a +0 whip.
The gnoll hits you but does no damage.
The gnoll sergeant hits you but does no damage.
The gnoll attacks as you move away! The gnoll barely misses you.
You kill the gnoll!
The gnoll hits you but does no damage.
The gnoll sergeant hits you with a +0 trident.
* * * LOW HITPOINT WARNING * * *
You hit the gnoll sergeant.
The gnoll sergeant is moderately wounded.
The gnoll hits you with a +0 halberd.
* * * LOW HITPOINT WARNING * * *
The gnoll hits you with a +0 whip.
* * * LOW HITPOINT WARNING * * *
The gnoll sergeant hits you with a +0 trident.
* * * LOW HITPOINT WARNING * * *
The gnoll sergeant hits you with a +0 trident!
* * * LOW HITPOINT WARNING * * *
The gnoll hits you with a +0 halberd!
You die...

.......
.......
....... ∆
...... ∆ ∆
#....#####
#....#..
#....#
#.@.##
#g.g.##
##.g).##
#<....#
#.........
#.........
......)...
#..........
..........#


You could see a gnoll sergeant and 2 gnolls.

Vanquished Creatures
  The ghost of Graphine the Ducker, an amateur MfMo (D:3)
  A black bear (D:4)
  2 ogres
  A phantom (D:4)
  A kobold brigand (D:3)
  8 scorpions
  2 howler monkeys (D:5)
  A hound (D:4)
  3 jellies (D:5)
  An iguana (D:5)
  An orc wizard (D:4)
  A sleepcap (D:4)
  6 adders
  2 gnolls (D:6)
  2 worms (D:3)
  3 dart slugs
  2 orcs
  7 endoplasms
  3 giant cockroaches
  8 goblins
  6 hobgoblins
  11 jackals
  16 kobolds
  4 ball pythons
  2 bats (D:1)
  2 frilled lizards (D:2)
  8 rats
105 creatures vanquished.

Vanquished Creatures (others)
  64 foxfires
64 creatures vanquished.

Grand Total: 169 creatures vanquished

Notes
Turn   | Place    | Note
-------+----------+-------------------------------------------
     0 | D:1      | thekillerGOD1 the Gnoll Cinder Acolyte began the quest for
                  | the Orb.
     0 | D:1      | Reached XP level 1. HP: 23/23 MP: 4/4
   103 | D:1      | Found Ramu's Armour Shop.
   121 | D:1      | Reached XP level 2. HP: 29/29 MP: 5/5
   760 | D:1      | Found a faded altar of an unknown god.
   990 | D:2      | Reached XP level 3. HP: 33/35 MP: 7/7
  1023 | D:2      | Reached skill level 1 in Invocations
  1209 | D:2      | Reached skill level 1 in Short Blades
  1209 | D:2      | Reached skill level 1 in Long Blades
  1209 | D:2      | Reached skill level 1 in Maces & Flails
  1209 | D:2      | Reached skill level 1 in Polearms
  1209 | D:2      | Reached skill level 1 in Staves
  1209 | D:2      | Reached skill level 1 in Ranged Weapons
  1209 | D:2      | Reached skill level 1 in Throwing
  1209 | D:2      | Reached skill level 1 in Armour
  1209 | D:2      | Reached skill level 1 in Dodging
  1209 | D:2      | Reached skill level 1 in Stealth
  1209 | D:2      | Reached skill level 1 in Shields
  1209 | D:2      | Reached skill level 1 in Unarmed Combat
  1209 | D:2      | Reached skill level 1 in Evocations
  1513 | D:2      | Learned a level 2 spell: Scorch
  1972 | D:3      | Reached XP level 4. HP: 41/41 MP: 1/8
  2332 | D:3      | Found a stormy altar of Qazlal.
  2708 | D:3      | Found a runed translucent gate.
  2709 | D:3      | Found a runed translucent gate.
  2710 | D:3      | Found a runed translucent gate.
  2712 | D:3      | Noticed Graphine's ghost (amateur MfMo)
  2715 | D:3      | Noticed a kobold brigand
  2840 | D:3      | Killed a kobold brigand
  2840 | D:3      | Killed Graphine's ghost
  2841 | D:3      | Reached skill level 1 in Conjurations
  2841 | D:3      | Reached skill level 1 in Hexes
  2841 | D:3      | Reached skill level 1 in Summonings
  2841 | D:3      | Reached skill level 1 in Necromancy
  2841 | D:3      | Reached skill level 1 in Translocations
  2841 | D:3      | Reached skill level 1 in Transmutations
  2841 | D:3      | Reached skill level 1 in Ice Magic
  2841 | D:3      | Reached skill level 1 in Air Magic
  2841 | D:3      | Reached skill level 1 in Earth Magic
  2841 | D:3      | Reached skill level 1 in Poison Magic
  2841 | D:3      | Reached XP level 5. HP: 40/47 MP: 8/10
  2841 | D:3      | Reached XP level 6. HP: 45/53 MP: 8/11
  3361 | D:4      | Reached XP level 7. HP: 9/60 MP: 12/12
  3670 | D:4      | Gained mutation: Your body sometimes deteriorates upon
                  | taking damage. [potion of mutation]
  3670 | D:4      | Gained mutation: You have hidden genetic potential. [potion
                  | of mutation]
  3670 | D:4      | Lost mutation: You have hidden genetic potential. [potion
                  | of mutation]
  3670 | D:4      | Gained mutation: Your system is resistant to poisons.
                  | (rPois) [potion of mutation]
  3671 | D:4      | Lost mutation: Your body sometimes deteriorates upon taking
                  | damage. [potion of mutation]
  3671 | D:4      | Lost mutation: Your system is resistant to poisons. (rPois)
                  | [potion of mutation]
  3671 | D:4      | Gained mutation: You do not regenerate when monsters are
                  | visible. [potion of mutation]
  3671 | D:4      | Gained mutation: You sometimes lose your temper in combat.
                  | [potion of mutation]
  3671 | D:4      | Gained mutation: You are partially covered in iridescent
                  | scales. (AC +2) [potion of mutation]
  4527 | D:4      | Identified the +8 hand axe of Morit {pain, Dex+3}
  4687 | D:5      | Entered Level 5 of the Dungeon
  4802 | D:5      | Reached XP level 8. HP: 61/67 MP: 14/14
  5648 | D:5      | Found the +7 Throatcutter {drain, coup de grace}
  5752 | D:5      | Found a sparkling altar of Nemelex Xobeh.
  6004 | D:6      | Fell from the grace of Ignis
  6017 | D:6      | HP: 2/67 [gnoll sergeant/+0 trident (8)]
  6017 | D:6      | Mangled by a gnoll

Illustrated notes

Levels and vault maps discovered:
D:1:      zaba_arrival_water, layout_loops_ring,
          hellmonk_ecumenical_altar_inner_sanctum, serial_shops, shop
D:2:      layout_basic
D:3:      layout_basic, mainiacjoe_overflow_six_doors_small,
          gammafunk_ghost_nasty_kobolds, kennysheep_small_spiral,
          roderic_cross_of_infinity
D:4:      cheibrodos_helix_gallery, layout_loops_ring,
          minmay_fractal_squares_diagonal_5
D:5:      layout_basic, mainiacjoe_overflow_alcove_1
D:6:      layout_layer_cave, gammafunk_ghost_cemetery

Skill      XL: |  1  2  3  4  5  6  7  8 |
---------------+-------------------------+-----
Invocations    | 1 2 3 4 |  4.0
Short Blades   | 1 2 3 |  3.6
Long Blades    | 1 2 3 |  3.6
Maces & Flails | 1 2 3 |  3.6
Polearms       | 1 2 3 |  3.6
Staves         | 1 2 3 |  3.6
Ranged Weapons | 1 2 3 |  3.6
Throwing       | 1 2 3 |  3.6
Armour         | 1 2 3 |  3.6
Dodging        | 1 2 3 |  3.6
Stealth        | 1 2 3 |  3.6
Shields        | 1 2 3 |  3.6
Unarmed Combat | 1 2 3 |  3.6
Evocations     | 1 2 3 |  3.6
Spellcasting   | 3 4 |  4.7
Conjurations   | 1 2 3 |  3.0
Hexes          | 1 2 3 |  3.0
Summonings     | 1 2 3 |  3.0
Necromancy     | 1 2 3 |  3.0
Translocations | 1 2 3 |  3.0
Transmutations | 1 2 3 |  3.0
Ice Magic      | 1 2 3 |  3.0
Air Magic      | 1 2 3 |  3.0
Earth Magic    | 1 2 3 |  3.0
Poison Magic   | 1 2 3 |  3.0
Fighting       | 7 |  7.6
Axes           | 7 |  7.6
Fire Magic     | 6 |  6.3

Action                     |  1- 3 |  4- 6 |  7- 9 || total
---------------------------+-------+-------+-------++-------
  Melee: Hand axe          |    17 |       |       ||    17
         Bite              |     4 |    15 |    19 ||    38
         Dagger            |    35 |    72 |   124 ||   231
         Punch             |       |     2 |     6 ||     8
   Cast: Scorch            |     4 |     7 |     2 ||    13
 Invoke: Foxfire Swarm     |     2 |     4 |       ||     6
         Rising Flame      |     1 |       |       ||     1
         Fiery Armour      |       |     3 |       ||     3
         Renounce Religion |       |       |     1 ||     1
    Use: Scroll            |     3 |       |     5 ||     8
         Potion            |     1 |       |     5 ||     6
   Stab: Sleeping          |       |       |     1 ||     1
 Armour: Robe              |     4 |       |       ||     4
         Leather armour    |     8 |    25 |    35 ||    68
         Plate armour      |       |       |    32 ||    32
  Dodge: Dodged            |    25 |    44 |    59 ||   128
